Map: Mothership LE

Players

BuzZy - Winner!

  • Race: Terran Terran
  • League: Master
  • Spawn Location: 6:00

SCIInewby

  • Race: Protoss Protoss
  • League: Master
  • Spawn Location: 1:00

VOD

Have the link to the VOD?

Description

Time

  • Played on: Feb. 11, 2026, 11:10 a.m.
  • Length: 8:50
Show
View Real Time Build Order
Export as new Build Order

BuzZy Terran - Winner!

Build Orders:  

Get SALT Encoding   

  12  0:00  SCV  
  13  0:12  SCV  
  14  0:17  Supply Depot  
  14  0:24  SCV  
  15  0:39  SCV  
  15  0:40  Barracks  
  16  0:51  SCV, Refinery  
  17  1:05  SCV  
  18  1:17  SCV  
  19  1:29  SCV  
  20  1:41  Barracks Reactor  
  20  1:43  Orbital Command  
  20  1:53  Supply Depot  
  20  2:03  Command Center  
  20  2:10  SCV  
  21  2:20  Factory  
  21  2:23  Refinery  
  21  2:25  SCV  
  22  2:31  Marine  
  22  2:32  Marine  
  24  2:37  SCV  
  25  2:49  Marine, SCV  
  25  2:50  Marine  
  28  2:54  Supply Depot  
  28  3:02  SCV  
  29  3:07  Marine x2  
  31  3:15  Orbital Command  
  31  3:16  Starport  
  31  3:28  SCV  
  31  3:30  Supply Depot  
  32  3:36  Factory Reactor  
  32  3:40  Factory Tech Lab, SCV  
  33  3:42  SCV  
  33  3:48  Marine x2  
  36  3:52  SCV  
  36  3:54  SCV  
  38  4:00  Bunker  
  38  4:04  SCV  
  38  4:05  Marine  
  38  4:06  Marine  
  38  4:07  SCV, Siege Tank  
  45  4:11  Supply Depot  
  45  4:14  Liberator  
  48  4:19  SCV x2  
  51  4:31  SCV x2  
  52  4:43  SCV  
  52  4:44  SCV, Barracks  
  52  4:45  Barracks  
  54  4:48  Barracks  
  54  4:49  Barracks  
  54  4:51  Supply Depot  
  54  4:55  SCV  
  54  4:56  SCV  
  54  4:59  Marine x2  
  56  5:05  Starport Reactor  
  58  5:10  SCV x2  
  58  5:12  Refinery  
  60  5:15  Refinery  
  60  5:16  Engineering Bay  
  60  5:32  Siege Tank  
  60  5:35  Barracks Tech Lab x2  
  63  5:36  Barracks Reactor x2  
  63  5:38  SCV  
  63  5:39  SCV  
  65  5:47  Terran Infantry Weapons Level 1  
  62  5:50  SCV  
  62  5:51  SCV  
  62  5:55  Stimpack, Combat Shield  
  70  6:07  Marine x2  
  70  6:10  Barracks Reactor  
  67  6:17  Barracks Reactor  
  66  6:18  Siege Tank  
  66  6:20  Medivac  
  66  6:23  Marine x2  
  66  6:25  Marine x2  
  75  6:39  Supply Depot  
  75  6:40  Supply Depot  
  75  6:41  Marine x2  
  75  6:42  Marine  
  78  7:00  Marine x8  
  86  7:02  Medivac, Supply Depot  
  86  7:03  Medivac  
  86  7:04  Supply Depot  
  90  7:14  Concussive Shells  
  90  7:18  Marine x2, Marauder  
  90  7:20  Marine  
  92  7:24  Supply Depot  
  92  7:26  Supply Depot  
  90  7:39  Marauder  
  90  7:40  Marauder  
  90  7:42  Marine x4  
  90  7:43  Marine x2  
  100  7:45  Siege Tank  
  100  7:47  Supply Depot  
  100  7:48  Viking  
  100  7:50  Supply Depot  
  105  8:00  Marauder  
  105  8:01  Marauder  
  104  8:17  Siege Tank  
  106  8:21  Marauder  
  106  8:23  Marauder  
Show
View Real Time Build Order
Export as new Build Order

SCIInewby Protoss 

Build Orders:  

Get SALT Encoding   

  12  0:00  Probe  
  13  0:12  Probe  
  14  0:20  Pylon  
  14  0:30  Probe  
  15  0:40  Gateway  
  15  0:44  Probe  
  16  0:50  Assimilator  
  16  0:56  Probe  
  17  1:08  Probe  
  18  1:12  Forge  
  18  1:15  Pylon  
  18  1:20  Probe  
  19  1:32  Probe  
  19  1:53  Photon Cannon  
  19  2:01  Nexus  
  19  2:06  Zealot  
  21  2:09  Probe  
  22  2:24  Cybernetics Core  
  22  2:35  Pylon  
  22  2:41  Pylon  
  22  2:44  Protoss Ground Weapons Level 1  
  22  2:56  Warp Gate  
  22  3:00  Gateway, Stalker  
  24  3:07  Probe  
  24  3:11  Probe  
  25  3:15  Probe  
  27  3:20  Probe  
  27  3:23  Assimilator  
  28  3:36  Photon Cannon, Probe x2  
  30  3:46  Probe, Stalker  
  30  3:48  Probe  
  34  4:01  Twilight Council, Probe  
  35  4:04  Probe  
  36  4:11  Zealot  
  36  4:14  Probe  
  39  4:19  Probe  
  39  4:22  Probe  
  39  4:23  Gateway  
  40  4:27  Probe  
  40  4:30  Assimilator  
  40  4:31  Probe  
  42  4:36  Protoss Shields Level 1  
  43  4:43  Charge  
  43  4:44  Probe x2  
  45  4:51  Pylon  
  45  5:04  Probe x2  
  47  5:07  Assimilator  
  47  5:14  Zealot  
  47  5:15  Zealot  
  47  5:16  Probe x2  
  47  5:20  Zealot  
  53  5:36  Stalker  
  53  5:37  Stalker  
  53  5:57  Probe x2  
  55  6:04  Zealot  
  55  6:05  Zealot x2  
  55  6:09  Probe x2  
  63  6:14  Dark Shrine  
  63  6:17  Stargate  
  63  6:19  Pylon  
  63  6:21  Probe  
  64  6:26  Photon Cannon  
  64  6:32  Zealot x3  
  70  6:38  Pylon  
  70  6:43  Pylon  
  70  6:45  Pylon  
  70  6:55  Zealot x3  
  76  7:09  Probe x2  
  76  7:12  Fleet Beacon  
  76  7:14  Stargate  
  74  7:21  Probe  
  61  7:27  Pylon  
  61  7:28  Zealot x3  
  61  7:43  Gateway  
  61  7:45  Gateway  
  61  7:46  Gateway  
  61  7:48  Pylon x2  
  61  7:57  Probe x2  
  63  8:09  Probe, Zealot  
  60  8:14  Zealot  
  60  8:19  Zealot  
  55  8:36  Zealot  
  55  8:38  Zealot  
  55  8:39  Zealot  
  55  8:40  Zealot  
  55  8:41  Zealot  
Tags
 
Matchup
PvT
Replay Pack
vannon
Spawn Locations
Cross Positions
Add a new tag
Caveats
  • Supply blocks, unpowered buildings, or Contaminate may cause inaccurate times.
  • Supply counts are checked every 10 seconds.